 Dungeon Crawl Stone Soup version 0.31-a0-532-g28f74ba3e5 (webtiles) character file.

Game seed: 6658877682128859453

64 randomguy2701 the Grave Robber (level 3, -2/19 HPs)
             Began as a Deep Elf Necromancer on Aug 13, 2023.
             Killed from afar by a white imp (10 damage)
             ... with a puff of frost
             ... on level 3 of the Dungeon.
             The game lasted 00:02:25 (1556 turns).

randomguy2701 the Grave Robber (DENe)               Turns: 1556, Time: 00:02:25

Health: -2/19      AC:  2    Str:  5    XL:     3   Next: 91%
Magic:  10/10      EV: 12    Int: 21    God:
Gold:   117        SH:  0    Dex: 15    Spells: 9/10 levels left

rFire   . . .        d - staff of earth
rCold   . . .        (no shield)
rNeg    . . .        a - +0 robe
rPois   .            (no helmet)
rElec   .            (no cloak)
rCorr   .            (no gloves)
SInv    .            (no boots)
Will    .....        h - amulet of regeneration
Stlth   ++           (no ring)
HPRegen 1.03/turn    (no ring)
MPRegen 0.12/turn

%: no passive effects
@: no status effects
A: no striking features
a: no special abilities


You were on level 3 of the Dungeon.
You visited 1 branch of the dungeon, and saw 3 of its levels.

You collected 117 gold pieces.

Inventory:

Armour
 a - a +0 robe (worn)
Magical Staves
 d - a staff of earth (weapon)
Jewellery
 h - an amulet of regeneration (around neck)
 m - a ring of wizardry
Scrolls
 c - a scroll of enchant weapon {unknown}
 e - 3 scrolls of identify {unknown}
 g - 2 scrolls of teleportation {unknown}
 i - a scroll of butterflies {unknown}
 j - 2 scrolls of noise {unknown}
Potions
 b - a potion of magic
 f - 4 potions of degeneration {unknown}
 k - 2 potions of heal wounds {unknown}
 l - a potion of resistance {unknown}


   Skills:
 + Level 2.6 Dodging
 + Level 2.4 Stealth
 + Level 4.4 Spellcasting
 + Level 5.8 Necromancy


You had 9 spell levels left.
You knew the following spells:

 Your Spells              Type           Power      Damage    Failure   Level
a - Necrotise             Necr           100%       1d9       1%          1

Your spell library contained the following spells:

 Spells                   Type           Power      Damage    Failure   Level
 Vampiric Draining        Necr           29%        2d8       3%          3
 Animate Dead             Necr           29%        N/A       11%         4
 Agony                    Necr           29%        N/A       28%         5


Dungeon Overview and Level Annotations

Branches:
Dungeon (3/15)

Altars:
Ashenzari


Message History

Your hobgoblin skeleton misses the white imp.
Items here: ( )) [[.
The white imp gestures at you.
The puff of frost hits your orc skeleton.
Your orc skeleton resists.
Your hobgoblin skeleton hits the white imp.
Your orc skeleton hits the white imp but does no damage.
The white imp gestures at you.
The puff of frost hits your orc skeleton.
Your orc skeleton resists.
Your hobgoblin skeleton barely misses the white imp.
Your orc skeleton barely misses the white imp.
The white imp hits your orc skeleton.
Your orc skeleton is destroyed!
The white imp barely misses your orc skeleton.
Your hobgoblin skeleton hits the white imp but does no damage.
Your hobgoblin skeleton hits the white imp.
Unknown command.
The white imp hits your orc skeleton.
Your orc skeleton is destroyed!
There is a stone staircase leading up, spattered with blood here.
You climb upwards.
There is a stone staircase leading down here.
Magic restored.
Done exploring.
You climb downwards.
There is a stone staircase leading up, spattered with blood here.
Casting: Necrotise (safe; 1% risk of failure)
Confirm with . or Enter, or press ? or * to list all spells.
You don't know that spell.
Okay, then.
This spell is quite dangerous to cast!
The white imp gestures at you.
Your memorisation is interrupted.
The puff of frost hits you!
Ouch! That really hurt!
You can't go down here!
The white imp gestures at you. The puff of frost hits you!
Ouch! That really hurt!
You die...

..#..##.....#.####...##...
..#.##..#.#...............
###.##....###.###.#.......
.......###........#.......
.......# #...(....#.......
.......# #....5........>.#
.......# #........#......#
...##### #........#......#
...# #......@.########
...# #...<....# ..##
########## .## ##


You could see a white imp.

Vanquished Creatures
  An adder (D:2)
  4 dart slugs
  3 orcs (D:3)
  4 endoplasms
  A giant cockroach (D:1)
  3 goblins
  2 hobgoblins
  4 kobolds
  2 quokkas
  8 ball pythons
  2 bats (D:1)
  3 frilled lizards
  5 rats
42 creatures vanquished.

Vanquished Creatures (collateral kills)
  A giant cockroach (D:3)
1 creature vanquished.

Grand Total: 43 creatures vanquished

Notes
Turn   | Place    | Note
-------+----------+-------------------------------------------
     0 | D:1      | randomguy2701 the Deep Elf Necromancer began the quest for
                  | the Orb.
     0 | D:1      | Reached XP level 1. HP: 10/10 MP: 6/6
    42 | D:1      | Reached skill level 5 in Necromancy
   206 | D:1      | Reached XP level 2. HP: 10/15 MP: 1/8
   675 | D:2      | Found a faded altar of an unknown god.
   817 | D:2      | Reached XP level 3. HP: 19/19 MP: 6/10
  1056 | D:2      | Identified the +0 mace of Honour {flame, rF+ rN+ Will+
                  | Dex+2}
  1311 | D:3      | Identified the +1 spear of Due Proportion {heavy, rPois}
  1348 | D:3      | Found a broken altar of Ashenzari.
  1556 | D:3      | Killed from afar by a white imp

Illustrated notes

Levels and vault maps discovered:
D:1:      giann_horns, layout_basic
D:2:      layout_rooms, ebering_ecumenical_altar_box, nicolae_underground_beach
D:3:      layout_rooms, mainiacjoe_overflow_tiny_flanked,
          chequers_serial_rivers_micro_d

Skill      XL: |  1  2  3 |
---------------+----------+-----
Necromancy     | 5 |  5.8
Spellcasting   | 4 |  4.4
Dodging        | |  2.6
Stealth        | |  2.4

Action                     || total
---------------------------++-------
  Melee: Staff             ||    13
   Cast: Necrotise         ||    69
 Armour: Robe              ||     1
  Dodge: Dodged            ||    21

Table legend: (Time is in decaauts)
 A = Elapsed time spent in this place.
 B = Non-inter-level travel time spent in this place.
 C = Inter-level travel time spent in this place.
 D = Time resting spent in this place.
 E = Time spent auto-exploring this place.
 F = Levels seen in this place.
 G = Mean time per level.
                   A        B        C        D        E       F      G
               +--------+--------+--------+--------+--------+-----+--------+
         Total |   1557 |   1490 |     67 |      0 |   1257 |   3 |  519.0 |
       Dungeon |   1557 |   1490 |     67 |      0 |   1257 |   3 |  519.0 |
               +--------+--------+--------+--------+--------+-----+--------+

Top non-repeatable levels by time:
     D:2: 687 daAuts
     D:1: 599 daAuts
     D:3: 269 daAuts
